 Dungeon Crawl Stone Soup version 0.26.0-45-g9c1d065592 (webtiles) character file.

Game seed: 17578444124749183709

10101 Destapler the Grappler (level 11, -3/111 HPs)
             Began as a Troll Berserker on Jan 31, 2021.
             Was the Champion of Trog.
             Slain by a vampire (6 damage)
             ... on level 9 of the Dungeon.
             The game lasted 00:22:43 (9042 turns).

Destapler the Grappler (Troll Berserker)            Turns: 9042, Time: 00:22:45

Health: -3/111     AC: 11    Str: 28    XL:     11   Next: 31%
Magic:  10/10      EV: 10    Int:  3    God:    Trog [******]
Gold:   554        SH: 22    Dex:  9    Spells: 10/10 levels left

rFire    + . .     SeeInvis .     - Unarmed
rCold    . . .     Faith    .   p - +0 tower shield
rNeg     . . .     Spirit   .   L - +0 steam dragon scales
rPois    .         Reflect  +   (helmet restricted)
rElec    .         Harm     .   u - +1 cloak
rCorr    .         Rampage  .   (gloves unavailable)
Will     ++...                  (boots unavailable)
Stlth    ++........             O - amulet of reflection
HPRegen  1.68/turn              d - ring of stealth
MPRegen  0.12/turn              h - ring of protection from fire

@: berserk cooldown, regenerating, slowed, very slow
A: large, unfitting armour, claws 3, regeneration 1, shaggy fur 1, tough skin 3,
weak 1
a: Renounce Religion, Berserk, Trog's Hand, Brothers in Arms


You were on level 9 of the Dungeon.
You worshipped Trog.
Trog was exalted by your worship.
You visited 1 branch of the dungeon, and saw 11 of its levels.
You also visited: Sewer.

You collected 554 gold pieces.

Inventory:

Hand Weapons
 i - a +4 hand axe
 Q - a +3 antimagic quick blade
Missiles
 s - 6 javelins (quivered)
 y - 2 curare-tipped darts
 B - 7 atropa-tipped darts
 F - 8 boomerangs
 K - 16 poisoned darts
 M - 2 boomerangs of dispersal
Armour
 p - a +0 tower shield (worn)
 u - a +1 cloak (worn)
 L - +0 steam dragon scales (worn)
 R - the +0 pair of gloves of Polish {rPois rC+ Dex+5, unknown}
   (You found it on level 9 of the Dungeon)

   It affects your dexterity (+5).
   It protects you from cold.
   It protects you from poison.
Jewellery
 d - a ring of stealth (left claw)
 h - a ring of protection from fire (right claw)
 x - an uncursed ring of flight
 O - an amulet of reflection (around neck)
Wands
 a - a wand of acid (8)
 w - a wand of polymorph (24)
 A - a wand of enslavement (9)
 J - a wand of disintegration (16)
Scrolls
 c - 7 scrolls of remove curse
 f - a scroll of enchant weapon
 g - 3 scrolls of identify
 q - 3 scrolls of magic mapping {unknown}
 r - a scroll of blinking
 v - 2 scrolls of teleportation
 E - 2 scrolls of fog {unknown}
 N - 2 scrolls of fear {unknown}
 P - a scroll of torment {unknown}
Potions
 b - a potion of ambrosia {unknown}
 e - 8 potions of curing
 j - 2 potions of resistance
 k - 3 potions of cancellation
 l - 2 potions of might {unknown}
 m - 3 potions of lignification {unknown}
 n - a potion of attraction {unknown}
 o - 4 potions of haste
 t - 3 potions of brilliance {unknown}
 z - 5 potions of heal wounds
 C - 2 potions of magic {unknown}
 D - 3 potions of flight {unknown}
 G - a potion of degeneration {unknown}
 H - a potion of berserk rage {unknown}
 I - a potion of invisibility {unknown}


   Skills:
 + Level 8.0 Fighting
 + Level 8.0 Dodging
 + Level 7.3 Shields
 + Level 9.6 Unarmed Combat


You had 10 spell levels left.
You didn't know any spells.
Your spell library was empty.

Dungeon Overview and Level Annotations

Branches:
Dungeon (11/15)            Temple (0/1) D:7           Sewer (visited)
   Lair: D:8-11         Orc: D:9-12

Altars:
Ashenzari
Cheibriados
Elyvilon
Fedhas
Gozag
Kikubaaqudgha
Makhleb
Nemelex Xobeh
Okawaru
Qazlal
Ru
Trog
Vehumet
Wu Jian
Xom
Yredelemnul

Shops:
D:5 [?   D:10 *

Annotations:
D:7 2 transporters, Gauvater's ghost, novice OpFE
D:9 1 transporter


Innate Abilities, Weirdness & Mutations

You are too large for most types of armour.
You have claws for hands.
Your natural rate of healing is unusually fast.
You are covered in fur. (AC +1)
You have extremely tough skin. (AC +3)
You are weak. (Str -2)


Message History

You kill the death knight!
Trog accepts your kill.
Your damage is reflected back at you!
* * * LOW HITPOINT WARNING * * *
You block the wraith's attack. You block the mummy's attack.
Your Fighting skill increases to level 8!
Your Dodging skill increases to level 8!
You closely miss something. You block the wraith's attack.
Something hits you but does no damage. Something bites you.
* * * LOW HITPOINT WARNING * * *
Something draws strength from your injuries!
Unknown command.
You claw something! The wraith hits you but does no damage. Something hits you.
* * * LOW HITPOINT WARNING * * *
You block something's attack. The mummy hits you!
* * * LOW HITPOINT WARNING * * *
You block the wraith's attack. Something hits you.
* * * LOW HITPOINT WARNING * * *
Something bites you.
You die...

#...........##.....## ##.#..##
#.......##.###.)...# ##.#.##
#.......#..# ##...## ####....#
##.....##.#####...####.....#####
#.......#...................#...
#.........###.#############)#.##
#.......#.....#©..........#?#.#
##..........#.#...........#[#.#
##.........#.#@W###.###).#.#.#
###.>>....#.#M{#8#.#8#..#.#.#
#######...#(......M.V.#...#
#..©#⌠....©..p..#§..#
##..#}..........#..##
##.#_.#8#.#8#..#.##
#)#$.###.###..#.#
#.#?..........#.#
#.#(..........#.#


You could see a wraith and a mummy.

Vanquished Creatures
  A death knight (D:9)
  A two-headed ogre (D:10)
  An unseen horror (D:10)
  Joseph (D:8)
  A kobold demonologist (D:11)
  A hornet (D:8)
  A troll (D:11)
  Prince Ribbit (D:5)
  5 yaks (D:10)
  2 wraiths
  A wyvern (D:8)
  A steam dragon (D:8)
  A water moccasin (D:7)
  Duvessa (D:7)
  8 orc warriors
  The ghost of VeinyPole the Ruffian, an amateur TrMo (D:5)
  A black bear (D:7)
  2 ice beasts
  The ghost of Kejsarherre the Chopper, an amateur HOMo of Beogh (D:4)
  A necrophage (D:9)
  2 phantoms
  6 ogres
  2 centaurs (D:7)
  5 bullfrogs
  2 big kobolds (Sewer)
  2 water moccasin zombies
  2 scorpions
  The ghost of feorh the Skirmisher, a weakling MiFi (D:3)
  10 wights
  Dowan (D:7)
  5 killer bees (D:10)
  A howler monkey (D:4)
  3 centaur zombies
  2 bullfrog zombies
  4 hounds
  A jelly (D:3)
  8 orc priests
  2 bullfrog skeletons
  12 orc wizards
  Crazy Yiuf (D:2)
  A centaur skeleton (D:9)
  Natasha (thrice) (D:2)
  2 iguanas
  6 worker ants
  A hound zombie (D:5)
  A hound skeleton (D:6)
  A gnoll (D:1)
  2 howler monkey skeletons
  20 adders
  5 white imps
  4 ufetubi
  An ooze (D:5)
  2 adder zombies
  An adder skeleton (D:8)
  3 worms
  3 dart slugs
  5 leopard geckos
  62 orcs
  8 giant cockroaches
  9 goblins
  7 hobgoblins
  14 jackals
  6 quokkas
  8 ball pythons
  4 bats
  5 frilled lizards
  A giant cockroach zombie (D:4)
  A jackal skeleton (D:3)
  10 kobolds
  12 rats
313 creatures vanquished.

Vanquished Creatures (others)
  8 plants (D:11)
8 creatures vanquished.

Grand Total: 321 creatures vanquished

Notes
Turn   | Place    | Note
-------+----------+-------------------------------------------
     0 | D:1      | Destapler the Troll Berserker began the quest for the Orb.
     0 | D:1      | Reached XP level 1. HP: 22/22 MP: 0/0
    32 | D:1      | Reached XP level 2. HP: 19/29 MP: 1/1
   232 | D:1      | Reached XP level 3. HP: 36/36 MP: 2/2
   795 | D:2      | Found a snail-covered altar of Cheibriados.
   835 | D:2      | Reached ** piety under Trog
   919 | D:2      | Reached XP level 4. HP: 45/45 MP: 3/3
   980 | D:2      | Noticed Natasha
   987 | D:2      | Killed Natasha
   988 | D:2      | Reached skill level 1 in Shields
   995 | D:2      | Noticed Natasha
   999 | D:2      | Killed Natasha
  1000 | D:2      | Reached XP level 5. HP: 43/53 MP: 4/4
  1063 | D:2      | Found a runed translucent door.
  1064 | D:2      | Noticed Crazy Yiuf
  1147 | D:2      | Reached skill level 4 in Unarmed Combat
  1155 | D:2      | Noticed Natasha
  1166 | D:2      | Killed Natasha
  1273 | D:2      | Killed Crazy Yiuf
  1577 | D:3      | Reached *** piety under Trog
  1614 | D:3      | Reached XP level 6. HP: 61/61 MP: 5/5
  1785 | D:3      | Found a shimmering altar of Xom.
  1806 | D:3      | Found an ornate altar of the Wu Jian Council.
  1850 | D:3      | Reached XP level 7. HP: 55/70 MP: 6/6
  1949 | D:3      | Found a runed translucent door.
  1951 | D:3      | Noticed feorh's ghost (weakling MiFi)
  1970 | D:3      | Killed feorh's ghost
  2262 | D:4      | Found a runed translucent gate.
  2262 | D:4      | Found a runed translucent gate.
  2263 | D:4      | Found a runed translucent gate.
  2264 | D:4      | Noticed Kejsarherre's ghost (amateur HOMo)
  2274 | D:4      | Killed Kejsarherre's ghost
  2275 | D:4      | Reached skill level 5 in Unarmed Combat
  2276 | D:4      | Reached **** piety under Trog
  2345 | D:4      | Found a broken altar of Ashenzari.
  2465 | D:4      | Found a burning altar of Makhleb.
  3030 | D:5      | Entered Level 5 of the Dungeon
  3122 | D:5      | Found a runed translucent gate.
  3122 | D:5      | Found a runed translucent gate.
  3122 | D:5      | Found a runed translucent gate.
  3122 | D:5      | Noticed VeinyPole's ghost (amateur TrMo)
  3122 | D:5      | Found a glowing drain.
  3135 | Sewer    | Entered a sewer
  3141 | Sewer    | Reached XP level 8. HP: 79/79 MP: 7/7
  3436 | D:5      | Noticed Prince Ribbit
  3460 | D:5      | Killed Prince Ribbit
  3461 | D:5      | Reached skill level 5 in Fighting
  3461 | D:5      | Reached skill level 5 in Dodging
  3461 | D:5      | Reached skill level 6 in Unarmed Combat
  3520 | D:5      | Reached ***** piety under Trog
  3729 | D:5      | Found a blossoming altar of Fedhas.
  3746 | D:5      | Killed VeinyPole's ghost
  3767 | D:5      | Found a stormy altar of Qazlal.
  3845 | D:5      | Found Daset's Armour Shoppe.
  3903 | D:5      | Found Tafolesm's Magic Scroll Shoppe.
  4285 | D:5      | Found a bloodstained altar of Trog.
  4514 | D:6      | Found a white marble altar of Elyvilon.
  4514 | D:6      | Found a radiant altar of Vehumet.
  4514 | D:6      | Found a sparkling altar of Nemelex Xobeh.
  4835 | D:6      | Reached XP level 9. HP: 84/88 MP: 8/8
  5471 | D:7      | Found an opulent altar of Gozag.
  5751 | D:7      | Reached skill level 7 in Unarmed Combat
  5773 | D:7      | Reached skill level 5 in Shields
  5898 | D:7      | Found a transporter.
  5899 | D:7      | Noticed Dowan
  5916 | D:7      | Killed Dowan
  6013 | D:7      | Noticed Duvessa
  6031 | D:7      | Killed Duvessa
  6032 | D:7      | Noticed Gauvater's ghost (novice OpFE)
  6035 | D:7      | Identified the cursed +0 great mace of the Realm of Zot
                  | {flame, rElec Str+4}
  6035 | D:7      | Noticed a two-headed ogre
  6036 | D:7      | Found a transporter.
  6098 | D:7      | Found a staircase to the Ecumenical Temple.
  6276 | D:7      | Found an iron altar of Okawaru.
  6642 | D:8      | Reached XP level 10. HP: 76/100 MP: 9/9
  6810 | D:8      | Reached skill level 8 in Unarmed Combat
  7196 | D:8      | Noticed Joseph
  7226 | D:8      | Killed Joseph
  7369 | D:8      | Reached ****** piety under Trog
  7437 | D:8      | Found a sacrificial altar of Ru.
  7553 | D:9      | Found a transporter.
  7558 | D:9      | Found a basalt altar of Yredelemnul.
  7559 | D:9      | Found an ancient bone altar of Kikubaaqudgha.
  7559 | D:9      | Noticed a death knight
  7578 | D:9      | Found a transporter.
  7606 | D:9      | Received a gift from Trog
  7942 | D:10     | Entered Level 10 of the Dungeon
  8000 | D:10     | Noticed a two-headed ogre
  8009 | D:10     | Killed a two-headed ogre
  8051 | D:10     | Reached skill level 9 in Unarmed Combat
  8128 | D:10     | Killed an unseen horror
  8129 | D:10     | Reached XP level 11. HP: 106/110 MP: 10/10
  8210 | D:10     | Found Tione's Assorted Antiques.
  8820 | D:11     | Gained mutation: You are weak. (Str -2) [a neqoxec]
  9017 | D:9      | Got a pair of ichor-stained gloves
  9040 | D:9      | Killed a death knight
  9042 | D:9      | HP: 3/111 [something (3)]
  9042 | D:9      | Slain by a vampire

Illustrated notes

Levels and vault maps discovered:
D:1:      ncdulo_halloftheorcs, layout_loops_ring, minmay_tall_x
D:2:      layout_rooms, lemuel_coloured_pillars_altar, uniq_crazy_yiuf_cottage,
          uniq_natasha
D:3:      layout_basic, overflow_temple_1_default, xom_teletrap_fun,
          ebering_ghost_sewer_d
D:4:      layout_loops_ring, marbit_many_paths, nicolae_overflow_hidden_temple,
          gammafunk_ghost_split
D:5:      layout_cave_pods, grunt_temple_overflow_forces_of_nature,
          kennysheep_mini_moat, ebering_ghost_rock_garden,
          cheibrodos_sewer_entry_bend, serial_shops, nicolae_shop_behind_doors,
          shop, uniq_prince_ribbit1
D:6:      layout_basic, gammafunk_temple_overflow_claw, hex_tiny
D:7:      layout_loops_corners, okawaru_metal_pillars_1_2,
          grunt_gozag_breadcrumbs, minmay_temple_entry_wispy,
          gammafunk_ghost_smash, uniq_duvessa
D:8:      layout_rooms, nicolae_ru_the_path_less_chosen,
          minmay_sticks_and_stones
D:9:      layout_rooms, gammafunk_temple_of_torment
D:10:     layout_roguey, serial_shops, nicolae_shop_stone
D:11:     layout_long_grid, dpeg_oklobed_lair, serial_shops,
          nicolae_shop_competitors_out_of_business

Skill      XL: |  1  2  3  4  5  6  7  8  9 10 11 |
---------------+----------------------------------+-----
Fighting       | 3 4 5 6 7 8 |  8.0
Dodging        | 3 4 5 6 7 8 |  8.0
Shields        | 1 2 3 4 5 7 |  7.3
Unarmed Combat | 4 5 6 7 9 |  9.6

Action                   |  1- 3 |  4- 6 |  7- 9 | 10-12 || total
-------------------------+-------+-------+-------+-------++-------
Melee: Unarmed           |    96 |   148 |   430 |   366 ||  1040
       Punch             |     1 |     2 |     3 |       ||     6
Throw: Dart              |       |       |     1 |       ||     1
       Javelin           |       |       |     1 |       ||     1
Invok: Berserk           |     1 |     5 |     6 |     4 ||    16
       Trog's Hand       |       |       |     1 |     1 ||     2
  Use: Scroll            |       |       |     9 |     4 ||    13
 Stab: Sleeping          |     6 |     3 |     9 |     2 ||    20
       Distracted        |       |       |     3 |       ||     3
Armor: Animal skin       |    32 |    62 |   127 |    14 ||   235
       Steam dragon scal |       |       |       |    67 ||    67
Dodge: Dodged            |    49 |    96 |   167 |    68 ||   380
Block: Tower shield      |       |       |   127 |   347 ||   474
